TOP OF THE 1ST |
Spokane Indians batting - Pitching for Eugene Emeralds : RHP David Jones
|
Pitching: RHP David Jones
|
|
Batting: LHB Angelo Tovar
|
0-0: Fly out, F9 (Flyball, 9, EV 91.9 MPH)
|
Batting: RHB Jonathan Osteen
|
0-0: SINGLE (Flyball, 7S, EV 95.0 MPH)
|
Batting: SHB John Fuller
|
0-0: Called Strike Jonathan Osteen steals 2nd base 0-1: Ball 1-1: Fly out, F8 (Line Drive, 8RS, EV 93.1 MPH)
|
Batting: RHB J.J. Caesar
|
0-0: Ball 1-0: Reached on error, E6 (Groundball, 6, EV 93.1 MPH) Jonathan Osteen to third
|
Batting: SHB Dan Morales
|
0-0: Foul Ball, location: 9LSF 0-1: Ball 1-1: Ball 2-1: Fly out, F8 (Flyball, 8LM, EV 86.3 MPH)
|
Top of the 1st over - 0 runs, 1 hit, 1 error, 2 left on base; Spokane 0 - Eugene 0 |
BOTTOM OF THE 1ST |
Eugene Emeralds batting - Pitching for Spokane Indians : LHP Cody Dunn
|
Pitching: LHP Cody Dunn
|
|
Batting: RHB Bill Buschke
|
0-0: Called Strike 0-1: Ball 1-1: Ball 2-1: Foul Ball, location: 2LF 2-2: Foul Ball, location: 7LDF 2-2: Foul Ball, location: 3F 2-2: Ball 3-2: Foul Ball, location: 3F 3-2: Base on Balls
|
Batting: RHB Zack Tamburino
|
0-0: Called Strike 0-1: Called Strike 0-2: Strikes out swinging
|
Batting: RHB Pat Jones
|
0-0: Ball 1-0: Ball 2-0: Called Strike Bill Buschke is caught stealing 2nd base 2-4 2-1: Fly out, F7 (Flyball, 78M, EV 81.9 MPH)
|
Bottom of the 1st over - 0 runs, 0 hits, 0 errors, 0 left on base; Spokane 0 - Eugene 0 |
TOP OF THE 2ND |
Spokane Indians batting - Pitching for Eugene Emeralds : RHP David Jones
|
Batting: RHB Juan Areas
|
0-0: Called Strike 0-1: SINGLE (Flyball, 8RS, EV 90.6 MPH) - OUT at second base trying to stretch hit.
|
Batting: LHB Drew O'Laughlin
|
0-0: Called Strike 0-1: Ball 1-1: Ball 2-1: Foul Ball, location: 9LSF 2-2: Ball 3-2: Foul Ball, location: 2F 3-2: Base on Balls
|
Batting: SHB Gabe Adame
|
0-0: Called Strike Drew O'Laughlin steals 2nd base 0-1: Swinging Strike 0-2: SINGLE (Line Drive, 34D, EV 97.5 MPH) Drew O'Laughlin to third
|
Batting: LHB Jordan Acevedo
|
0-0: Ball 1-0: Called Strike 1-1: Ball 2-1: Fly out, F6 (Line Drive, 56, EV 71.9 MPH)
|
Batting: LHB Angelo Tovar
|
0-0: Called Strike 0-1: Ball Gabe Adame steals 2nd base 1-1: DOUBLE (Line Drive, 9LD, EV 111.3 MPH) Drew O'Laughlin scores Gabe Adame scores
|
Batting: RHB Jonathan Osteen
|
0-0: Called Strike 0-1: Called Strike 0-2: SINGLE (Line Drive, 89S, EV 85.6 MPH) Angelo Tovar to third
|
Batting: SHB John Fuller
|
0-0: Ball Jonathan Osteen steals 2nd base 1-0: Called Strike 1-1: Foul Ball, location: 2F 1-2: Ball 2-2: Strikes out swinging
|
Top of the 2nd over - 2 runs, 4 hits, 0 errors, 2 left on base; Spokane 2 - Eugene 0 |
BOTTOM OF THE 2ND |
Eugene Emeralds batting - Pitching for Spokane Indians : LHP Cody Dunn
|
Batting: RHB Jesus Castaneda
|
0-0: Ball 1-0: Ball 2-0: Ball 3-0: Called Strike 3-1: Foul Ball, location: 3FF 3-2: Base on Balls
|
Batting: LHB Tomas Castro
|
0-0: Ball 1-0: Foul Ball, location: 2RF 1-1: Called Strike 1-2: Foul Ball, location: 25F 1-2: Ball 2-2: Grounds into double play, 6-4-3 (Groundball, 6M, EV 85.0 MPH)
|
Batting: RHB Jesus Pimentel
|
0-0: Ball 1-0: Ball 2-0: Ground out 5-3 (Groundball, 56S, EV 86.9 MPH)
|
Bottom of the 2nd over - 0 runs, 0 hits, 0 errors, 0 left on base; Spokane 2 - Eugene 0 |
TOP OF THE 3RD |
Spokane Indians batting - Pitching for Eugene Emeralds : RHP David Jones
|
Batting: RHB J.J. Caesar
|
0-0: Ball 1-0: Called Strike 1-1: Foul Ball, location: 9LSF 1-2: Ball 2-2: Ground out 6-3 (Groundball, 6, EV 86.9 MPH)
|
Batting: SHB Dan Morales
|
0-0: Called Strike 0-1: Foul Ball, location: 5FF 0-2: DOUBLE (Flyball, 78XD, EV 95.6 MPH)
|
Batting: RHB Juan Areas
|
0-0: Foul Ball, location: 3SF 0-1: Fly out, F8 (Flyball, 8LXD, EV 106.9 MPH)
|
Batting: LHB Drew O'Laughlin
|
0-0: Called Strike 0-1: Swinging Strike 0-2: Ball 1-2: Strikes out swinging
|
Top of the 3rd over - 0 runs, 1 hit, 0 errors, 1 left on base; Spokane 2 - Eugene 0 |
BOTTOM OF THE 3RD |
Eugene Emeralds batting - Pitching for Spokane Indians : LHP Cody Dunn
|
Batting: LHB Leo Garcia
|
0-0: Ball 1-0: Ground out 6-3 (Groundball, 6, EV 81.3 MPH)
|
Batting: RHB Bobby Sanchez
|
0-0: Ball 1-0: Ball 2-0: Foul Ball, location: 7LMF 2-1: Ball 3-1: Ground out 5-3 (Groundball, 5, EV 86.3 MPH)
|
Batting: LHB Alex Majalca
|
0-0: Ground out U3 (Groundball, 3, EV 101.3 MPH)
|
Bottom of the 3rd over - 0 runs, 0 hits, 0 errors, 0 left on base; Spokane 2 - Eugene 0 |
TOP OF THE 4TH |
Spokane Indians batting - Pitching for Eugene Emeralds : RHP David Jones
|
Batting: SHB Gabe Adame
|
0-0: Ball 1-0: Called Strike 1-1: Ground out U3 (Groundball, 34S, EV 66.9 MPH)
|
Batting: LHB Jordan Acevedo
|
0-0: Ball 1-0: Foul Ball, location: 9LSF, Error on foul ball, E9 1-1: Ground out U3 (Groundball, 3, EV 109.4 MPH)
|
Batting: LHB Angelo Tovar
|
0-0: Foul Ball, location: 7LDF 0-1: Ground out 1-3 (Groundball, 13S, EV 68.8 MPH)
|
Top of the 4th over - 0 runs, 0 hits, 1 error, 0 left on base; Spokane 2 - Eugene 0 |
BOTTOM OF THE 4TH |
Eugene Emeralds batting - Pitching for Spokane Indians : LHP Cody Dunn
|
Batting: RHB Bill Buschke
|
0-0: Foul Ball, location: 9LMF 0-1: Ball 1-1: Foul Ball, location: 3FF 1-2: Foul Ball, location: 2F 1-2: Foul Ball, location: 7LMFF 1-2: Ball 2-2: Foul Ball, location: 5DF 2-2: Ball 3-2: SOLO HOME RUN (Flyball, 7LD, EV 93.1 MPH), Distance : 340 ft
|
Batting: RHB Zack Tamburino
|
0-0: Ground out 5-3 (Groundball, 56S, EV 63.1 MPH)
|
Batting: RHB Pat Jones
|
0-0: Foul Ball, location: 5FF 0-1: Ball 1-1: SOLO HOME RUN (Flyball, 9D, EV 100.6 MPH), Distance : 387 ft
|
Batting: RHB Jesus Castaneda
|
0-0: Called Strike 0-1: Ball 1-1: Called Strike 1-2: Strikes out looking
|
Batting: LHB Tomas Castro
|
0-0: Ball 1-0: Called Strike 1-1: Swinging Strike 1-2: Strikes out swinging
|
Bottom of the 4th over - 2 runs, 2 hits, 0 errors, 0 left on base; Spokane 2 - Eugene 2 |
TOP OF THE 5TH |
Spokane Indians batting - Pitching for Eugene Emeralds : RHP David Jones
|
Batting: RHB Jonathan Osteen
|
0-0: Ball 1-0: Ball 2-0: Called Strike 2-1: Called Strike 2-2: Ground out 6-3 (Groundball, 6, EV 88.8 MPH)
|
Batting: SHB John Fuller
|
0-0: Ball 1-0: Ball 2-0: Ball 3-0: Called Strike 3-1: DOUBLE (Flyball, 78D, EV 100.0 MPH)
|
Batting: RHB J.J. Caesar
|
0-0: Hit by Pitch
|
Batting: SHB Dan Morales
|
0-0: Ball 1-0: Called Strike 1-1: Ball 2-1: Foul Ball, location: 5DF 2-2: Strikes out swinging
|
Batting: RHB Juan Areas
|
0-0: Ball 1-0: Swinging Strike 1-1: Ball 2-1: Ball 3-1: Base on Balls John Fuller to third J.J. Caesar to second
|
Pitching: LHP Jacopo Figura
|
|
Batting: LHB Drew O'Laughlin
|
0-0: Ball 1-0: DOUBLE (Line Drive, 7LS, EV 93.8 MPH) John Fuller scores J.J. Caesar scores Juan Areas to third
|
Batting: SHB Gabe Adame
|
0-0: Swinging Strike 0-1: Swinging Strike 0-2: Ball 1-2: Strikes out swinging
|
Top of the 5th over - 2 runs, 2 hits, 0 errors, 2 left on base; Spokane 4 - Eugene 2 |
BOTTOM OF THE 5TH |
Eugene Emeralds batting - Pitching for Spokane Indians : LHP Cody Dunn
|
Batting: RHB Jesus Pimentel
|
0-0: Ball 1-0: Called Strike 1-1: Foul Ball, location: 9LDF 1-2: Ball 2-2: Strikes out swinging
|
Batting: LHB Leo Garcia
|
0-0: Ball 1-0: Ball 2-0: Foul Ball, location: 7LSF 2-1: Ball 3-1: Base on Balls
|
Batting: RHB Bobby Sanchez
|
0-0: Ground out 5-3 (Groundball, 56S, EV 86.9 MPH) Leo Garcia to second
|
Batting: LHB Alex Majalca
|
0-0: SINGLE (Groundball, 6MD, EV 105.6 MPH) Leo Garcia to third
|
Batting: RHB Bill Buschke
|
0-0: Called Strike 0-1: Called Strike 0-2: Ball 1-2: Ball 2-2: Ball 3-2: Foul Ball, location: 2F 3-2: Ground out 6-3 (Groundball, 6, EV 88.8 MPH)
|
Bottom of the 5th over - 0 runs, 1 hit, 0 errors, 2 left on base; Spokane 4 - Eugene 2 |
TOP OF THE 6TH |
Spokane Indians batting - Pitching for Eugene Emeralds : LHP Jacopo Figura
|
Batting: LHB Jordan Acevedo
|
0-0: Ball 1-0: Ball 2-0: Ball 3-0: Base on Balls
|
Batting: LHB Angelo Tovar
|
0-0: Foul Ball, location: 2RF 0-1: Reached on error, E6 (Groundball, 6, EV 106.3 MPH) Jordan Acevedo to second
|
Batting: RHB Jonathan Osteen
|
0-0: SINGLE (Groundball, 23, EV 63.1 MPH) (infield hit) Jordan Acevedo to third Angelo Tovar to second
|
Batting: SHB John Fuller
|
0-0: Foul Ball, location: 5DF 0-1: Ball 1-1: Ball 2-1: Ball 3-1: Called Strike 3-2: Fielders Choice at 2nd, 6-4 (Groundball, 6, EV 89.4 MPH) Jordan Acevedo scores Angelo Tovar to third
|
Batting: RHB J.J. Caesar
|
0-0: Called Strike 0-1: Ball 1-1: Foul Ball, location: 3F 1-2: SINGLE (Groundball, 34D, EV 103.8 MPH) Angelo Tovar scores John Fuller to second
|
Batting: SHB Dan Morales
|
0-0: Called Strike 0-1: Called Strike 0-2: Fly out, F7 (Flyball, 78M, EV 86.3 MPH)
|
Batting: RHB Juan Areas
|
0-0: Fly out, F9 (Flyball, 9S, EV 75.6 MPH)
|
Top of the 6th over - 2 runs, 2 hits, 1 error, 2 left on base; Spokane 6 - Eugene 2 |
BOTTOM OF THE 6TH |
Eugene Emeralds batting - Pitching for Spokane Indians : LHP Cody Dunn
|
Batting: RHB Zack Tamburino
|
0-0: Swinging Strike 0-1: SINGLE (Line Drive, 8RS, EV 106.3 MPH)
|
Batting: RHB Pat Jones
|
0-0: Called Strike 0-1: Ball 1-1: Foul Ball, location: 2F 1-2: Strikes out swinging
|
Batting: RHB Jesus Castaneda
|
0-0: Ball 1-0: Fly out, F6 (Flyball, 6D, EV 83.1 MPH)
|
Batting: LHB Tomas Castro
|
0-0: Ball 1-0: Foul Ball, location: 2RF 1-1: Fly out, F8 (Line Drive, 8RM, EV 88.1 MPH)
|
Bottom of the 6th over - 0 runs, 1 hit, 0 errors, 1 left on base; Spokane 6 - Eugene 2 |
TOP OF THE 7TH |
Spokane Indians batting - Pitching for Eugene Emeralds : LHP Jacopo Figura
|
Batting: LHB Drew O'Laughlin
|
0-0: Ball 1-0: Swinging Strike 1-1: Called Strike 1-2: Ball 2-2: Foul Ball, location: 5FF 2-2: Ball 3-2: Base on Balls
|
Batting: SHB Gabe Adame
|
0-0: Swinging Strike 0-1: Ball 1-1: Foul Ball, location: 2F 1-2: Strikes out swinging
|
Batting: LHB Jordan Acevedo
|
0-0: Foul Ball, location: 3F 0-1: Foul Ball, location: 2F 0-2: Strikes out looking
|
Batting: LHB Angelo Tovar
|
0-0: Foul Ball, location: 7LMF 0-1: Called Strike Drew O'Laughlin steals 2nd base 0-2: Ball 1-2: Ball 2-2: Foul Ball, location: 2F 2-2: Foul Ball, location: 5SF 2-2: SINGLE (Groundball, 6MD, EV 109.4 MPH) Drew O'Laughlin to third
|
Batting: RHB Jonathan Osteen
|
0-0: Ball 1-0: Ball 2-0: Foul Ball, location: 3SF 2-1: Foul Ball, location: 23F 2-2: Ball 3-2: Strikes out looking
|
Top of the 7th over - 0 runs, 1 hit, 0 errors, 2 left on base; Spokane 6 - Eugene 2 |
BOTTOM OF THE 7TH |
Eugene Emeralds batting - Pitching for Spokane Indians : LHP Cody Dunn
|
Batting: RHB Jesus Pimentel
|
0-0: SINGLE (Groundball, 56D, EV 99.4 MPH)
|
Batting: LHB Leo Garcia
|
0-0: Fly out, F8 (Flyball, 8LM, EV 91.3 MPH)
|
Batting: RHB Bobby Sanchez
|
0-0: Swinging Strike 0-1: Ball 1-1: Fielders Choice at 2nd, 1-4 (Groundball, 15S, EV 71.3 MPH)
|
Batting: LHB Alex Majalca
|
0-0: Fly out, F2 (Popup, 2RF, EV 90.6 MPH)
|
Bottom of the 7th over - 0 runs, 1 hit, 0 errors, 1 left on base; Spokane 6 - Eugene 2 |
TOP OF THE 8TH |
Spokane Indians batting - Pitching for Eugene Emeralds : LHP Jacopo Figura
|
Pitching: RHP Andrew Henning
|
|
Batting: SHB John Fuller
|
0-0: Swinging Strike 0-1: Swinging Strike 0-2: Fly out, F7 (Line Drive, 7, EV 96.3 MPH)
|
Batting: RHB J.J. Caesar
|
0-0: Called Strike 0-1: Called Strike 0-2: Ball 1-2: Foul Ball, location: 3SF 1-2: Ball 2-2: SINGLE (Groundball, 34S, EV 66.9 MPH) (infield hit)
|
Batting: SHB Dan Morales
|
0-0: Called Strike 0-1: Called Strike 0-2: Grounds into double play, 4-6-3 (Groundball, 4, EV 88.1 MPH)
|
Top of the 8th over - 0 runs, 1 hit, 0 errors, 0 left on base; Spokane 6 - Eugene 2 |
BOTTOM OF THE 8TH |
Eugene Emeralds batting - Pitching for Spokane Indians : LHP Cody Dunn
|
Batting: RHB Bill Buschke
|
0-0: DOUBLE (Line Drive, 9LD, EV 99.4 MPH)
|
Batting: RHB Zack Tamburino
|
0-0: Called Strike 0-1: Ball 1-1: Ball 2-1: Foul Ball, location: 2F 2-2: Foul Ball, location: 2F 2-2: Ground out 6-3 (Groundball, 56, EV 102.5 MPH) Bill Buschke to third
|
Pitching: LHP Chris Carson
|
|
Batting: RHB Pat Jones
|
0-0: Ball 1-0: Ball 2-0: Ball 3-0: Called Strike 3-1: Base on Balls
|
Batting: RHB Jesus Castaneda
|
0-0: Swinging Strike 0-1: Fly out, F7 (Line Drive, 7S, EV 86.3 MPH)
|
Batting: LHB Tomas Castro
|
0-0: Called Strike 0-1: Fly out, F2 (Popup, 25F, EV 89.4 MPH)
|
Bottom of the 8th over - 0 runs, 1 hit, 0 errors, 2 left on base; Spokane 6 - Eugene 2 |
TOP OF THE 9TH |
Spokane Indians batting - Pitching for Eugene Emeralds : RHP Andrew Henning
|
Batting: RHB Juan Areas
|
0-0: Foul Ball, location: 9LDF 0-1: Ball 1-1: Ball 2-1: Ball 3-1: Fly out, F6 (Popup, 6M, EV 65.6 MPH)
|
Batting: LHB Drew O'Laughlin
|
0-0: Ball 1-0: Foul Ball, location: 25F 1-1: Ground out U3 (Groundball, 3, EV 88.1 MPH)
|
Batting: SHB Gabe Adame
|
0-0: Ground out 4-3 (Groundball, 4, EV 93.8 MPH)
|
Top of the 9th over - 0 runs, 0 hits, 0 errors, 0 left on base; Spokane 6 - Eugene 2 |
BOTTOM OF THE 9TH |
Eugene Emeralds batting - Pitching for Spokane Indians : LHP Chris Carson
|
Batting: RHB Jesus Pimentel
|
0-0: Fly out, F9 (Flyball, 9, EV 95.0 MPH)
|
Batting: LHB Leo Garcia
|
0-0: Ball 1-0: Swinging Strike 1-1: Ball 2-1: Foul Ball, location: 2F 2-2: Foul Ball, location: 2F 2-2: Ball 3-2: Base on Balls
|
Batting: RHB Bobby Sanchez
|
0-0: Called Strike 0-1: Ball 1-1: Grounds into double play, 5-4-3 (Groundball, 56, EV 85.0 MPH)
|
Bottom of the 9th over - 0 runs, 0 hits, 0 errors, 0 left on base; Spokane 6 - Eugene 2 |
|